 Dungeon Crawl Stone Soup version 0.28-a0-819-g6ef7baa362 (webtiles) character file.

Game seed: 16345177535279393087

19348 iamoutofideas the Thaumaturge (level 12, -8/81 HPs)
             Began as a Demonspawn Fire Elementalist on Nov 8, 2021.
             Was a Priest of Vehumet.
             Mangled by a death knight (25 damage)
             ... on level 11 of the Dungeon.
             The game lasted 00:27:53 (18808 turns).

iamoutofideas the Thaumaturge (DsFE)               Turns: 18808, Time: 00:27:59

Health: -8/81      AC: 11    Str: 10    XL:     12   Next: 35%
Magic:  11/28      EV: 19    Int: 21    God:    Vehumet [***...]
Gold:   616        SH: 10    Dex: 13    Spells: 17/35 levels left

rFire   . . .      SeeInvis .   H - +4 short sword (elec)
rCold   . . .      Faith    .   A - +0 buckler
rNeg    . . .      Spirit   .   I - +0 steam dragon scales
rPois   +          Reflect  +   F - +0 helmet
rElec   .          Harm     .   c - +0 cloak
rCorr   .          Rampage  .   (no gloves)
Will    .....                   E - +0 pair of boots
Stlth   ++........              s - amulet of reflection
HPRegen 0.23/turn               o - ring of poison resistance
MPRegen 0.21/turn               (no ring)

@: mighty, agile, on blink cooldown
A: icy blue scales 2, powered by pain 2, demonic magic 1
a: Renounce Religion


You were on level 11 of the Dungeon.
You worshipped Vehumet.
Vehumet was most pleased with you.
You visited 2 branches of the dungeon, and saw 13 of its levels.

You collected 822 gold pieces.
You spent 206 gold pieces at shops.

Inventory:

Hand Weapons
 j - a +1 hand axe of flaming
 z - a +0 antimagic whip
 H - a +4 short sword of electrocution (weapon)
Armour
 a - a +2 robe of resistance
 c - a +0 cloak (worn)
 v - +0 acid dragon scales
 A - a +0 buckler (worn)
 E - a +0 pair of boots (worn)
 F - a +0 helmet (worn)
 I - +0 steam dragon scales (worn)
Magical Staves
 M - a staff of earth
 N - a staff of cold
Jewellery
 o - a ring of poison resistance (left hand)
 s - an amulet of reflection (around neck)
Wands
 i - a wand of acid (4)
 p - a wand of flame (29)
 x - a wand of mindburst (3)
 L - a wand of iceblast (5)
Scrolls
 b - a scroll of blinking {unknown}
 f - 5 scrolls of amnesia
 h - 2 scrolls of magic mapping
 m - a scroll of summoning {unknown}
 n - 2 scrolls of fog
 q - 4 scrolls of teleportation
 r - a scroll of immolation
 y - 4 scrolls of enchant armour {unknown}
 K - a scroll of silence {unknown}
Potions
 d - 4 potions of brilliance
 e - a potion of magic {unknown}
 g - 2 potions of attraction
 l - 2 potions of flight {unknown}
 t - a potion of mutation {unknown}
 u - a potion of curing
 C - a potion of might {unknown}
 G - 2 potions of haste
 J - 3 potions of ambrosia {unknown}
Miscellaneous
 D - a phial of floods (inert)


   Skills:
 + Level 3.2 Fighting
 + Level 1.6 Short Blades
 - Level 1.7 Axes
 + Level 5.2 Dodging
 - Level 1.7 Stealth
 + Level 5.1 Shields
 + Level 12.3 Spellcasting
 + Level 8.2 Conjurations
 + Level 0.2 Translocations
 + Level 9.7 Fire Magic
 - Level 1.0 Air Magic
 - Level 0.5 Evocations


You had 17 spell levels left.
You knew the following spells:

 Your Spells              Type           Power      Damage    Failure   Level
a - Foxfire               Conj/Fire      100%       2x1d9     1%          1
b - Scorch                Fire           100%       2d10      1%          2
c - Conjure Flame         Conj/Fire      50%        6-21      1%          3
d - Flame Wave            Conj/Fire      50%        3d10      1%          4
e - Swiftness             Air            17%        N/A       11%         3
f - Blink                 Tloc           26%        N/A       7%          2
g - Frozen Ramparts       Ice            24%        1d4       4%          3

Your spell library contained the following spells:

 Spells                   Type           Power      Damage    Failure   Level
 Shock                    Conj/Air       100%       1d9       1%          1
 Inner Flame              Hex/Fire       33%        N/A       1%          3
 Airstrike                Air            8%         N/A       10%         4
 Lesser Beckoning         Tloc           13%        N/A       14%         3
 Manifold Assault         Tloc           13%        N/A       78%         5


Dungeon Overview and Level Annotations

Branches:
Dungeon (12/15)            Temple (1/1) D:4            Lair (0/6) D:10
    Orc (0/2) D:12

Altars:
Ashenzari
Cheibriados
Dithmenos
Elyvilon
Fedhas
Gozag
Hepliaklqana
Kikubaaqudgha
Makhleb
Nemelex Xobeh
Okawaru
Qazlal
Ru
Sif Muna
Trog
Uskayaw
Vehumet
Wu Jian
Xom
Yredelemnul
Zin
The Shining One

Shops:
D:3 [

Annotations:
D:2 exclusion: downstairs
D:9 exclusion: downstairs
D:10 exclusion: downstairs


Innate Abilities, Weirdness & Mutations

You are mostly covered in icy blue scales. (AC +3)
You sometimes gain power by taking damage.
Spells you cast may paralyse adjacent enemies.


Message History

You focus on the pain.
You feel agile all of a sudden.
Okay, then.
Okay, then.
Okay, then.
Casting: Flame Wave (safe; 1% risk of failure)
Confirm with . or Enter, or press ? or * to list all spells.
Okay, then.
Casting: Flame Wave (safe; 1% risk of failure)
Confirm with . or Enter, or press ? or * to list all spells.
Okay, then.
Casting: Flame Wave (safe; 1% risk of failure)
Confirm with . or Enter, or press ? or * to list all spells.
You blink.
Malevolent energies surge around you.
Unknown command.
Casting: Blink (safe; 7% risk of failure)
Confirm with . or Enter, or press ? or * to list all spells.
You conjure some foxfire!
Malevolent energies surge around you.
The death knight is no longer more vulnerable to fire.
Casting: Foxfire (safe; 1% risk of failure)
Confirm with . or Enter, or press ? or * to list all spells.
You conjure some foxfire!
Malevolent energies surge around you.
The foxfire hits the death knight but does no damage.
The death knight is severely wounded.
The foxfire hits the death knight but does no damage.
The death knight is severely wounded.
Casting: Foxfire (safe; 1% risk of failure)
Confirm with . or Enter, or press ? or * to list all spells.
Flames lash the death knight.
The death knight is almost dead.
The death knight's fire resistance burns away.
Malevolent energies surge around you.
The death knight reflects your damage back at you!
* * * LOW HITPOINT WARNING * * *
The foxfire hits the death knight but does no damage.
The death knight is almost dead.
The foxfire hits the death knight but does no damage.
The death knight is almost dead.
The death knight hits you with a +0 battleaxe!!
You die...

.......# ##........#
.......# #.........##
.......# #..........#
......####..........#
......##............##
.....................#
......###......§....##
......###[......§...#
.....###.......p@§..#
.....# #.......§§§..#
.....# #......<....##
##...# #...........#
##..## ##..........#
#..## ###.......##
##...### ##......#
.......## ##....##
........## ##.###


You could see a death knight (reflects damage, combustible).

Vanquished Creatures
  2 centaur warriors (D:10)
  7 two-headed ogres
  An ogre mage (D:10)
  3 death yaks
  A skeletal warrior (D:10)
  Pikel (D:3)
  2 cyclopes (D:10)
  4 ugly things
  2 gargoyles (D:12)
  A komodo dragon (D:10)
  An unseen horror (D:12)
  5 trolls
  A slime creature (D:10)
  A vampire (D:10)
  A meliai zombie (D:10)
  A wraith (D:12)
  A wyvern (D:9)
  A steam dragon (D:8)
  2 yaks (D:10)
  An acid dragon (D:12)
  2 water moccasins
  5 orc warriors
  A sky beast (D:6)
  An ice beast (D:7)
  A necrophage (D:6)
  2 black bears (D:4)
  A hornet zombie (D:7)
  2 ogres
  4 centaurs
  3 kobold brigands
  A phantom (D:6)
  3 gnoll sergeants
  2 bullfrogs
  A scorpion (D:5)
  A wyvern skeleton (D:5)
  A water moccasin skeleton (D:7)
  3 killer bees (D:9)
  13 wights
  3 centaur zombies
  A centaur skeleton (D:6)
  3 jellies
  3 gnoll shamans (D:5)
  5 orc priests
  Jessica (D:3)
  A hell rat (D:10)
  4 iguanas
  6 orc wizards
  2 killer bee zombies
  A hound skeleton (D:4)
  6 adders
  17 gnolls
  A river rat (D:10)
  A shadow imp (D:7)
  A white imp (D:7)
  An ufetubus (D:5)
  12 dart slugs
  33 orcs
  7 ball pythons
  3 bats (D:3)
  3 endoplasms
  4 giant cockroaches
  2 goblins
  4 hobgoblins
  3 jackals (D:4)
  13 kobolds
  4 quokkas
  4 frilled lizards
  A quokka skeleton (D:4)
  A rat (D:3)
237 creatures vanquished.

Vanquished Creatures (others)
  A manticore (D:11)
  639 foxfires
640 creatures vanquished.

Grand Total: 877 creatures vanquished

Notes
Turn   | Place    | Note
-------+----------+-------------------------------------------
     0 | D:1      | iamoutofideas the Demonspawn Fire Elementalist began the
                  | quest for the Orb.
     0 | D:1      | Reached XP level 1. HP: 13/13 MP: 3/3
   489 | D:1      | Found a faded altar of an unknown god.
   964 | D:1      | Gained mutation: You are partially covered in icy blue
                  | scales. (AC +2) [demonic ancestry]
   964 | D:1      | Reached XP level 2. HP: 19/19 MP: 1/5
  1792 | D:2      | Learned a level 2 spell: Scorch
  1823 | D:2      | Found a shimmering blue altar of Sif Muna.
  1828 | D:2      | Gained mutation: You are mostly covered in icy blue scales.
                  | (AC +3) [demonic ancestry]
  1828 | D:2      | Reached XP level 3. HP: 24/24 MP: 3/6
  2336 | D:3      | Reached skill level 3 in Spellcasting
  2597 | D:2      | Learned a level 3 spell: Conjure Flame
  2603 | D:3      | Reached XP level 4. HP: 22/30 MP: 3/8
  2603 | D:3      | Noticed Jessica
  2772 | D:3      | Killed Jessica
  2775 | D:3      | Reached XP level 5. HP: 35/35 MP: 2/10
  2855 | D:3      | Found Reuxety's Antique Armour Shoppe.
  3634 | D:4      | Noticed Pikel
  3636 | D:4      | Reached skill level 4 in Spellcasting
  3638 | D:4      | Noticed a lemure
  3639 | D:4      | Noticed a lemure
  3642 | D:4      | Noticed a lemure
  3855 | D:3      | Learned a level 4 spell: Flame Wave
  3863 | D:3      | Killed Pikel
  3864 | D:3      | Reached skill level 5 in Spellcasting
  3864 | D:3      | Reached XP level 6. HP: 40/42 MP: 2/14
  3864 | D:3      | Reached XP level 7. HP: 44/47 MP: 2/15
  4457 | D:4      | Found a staircase to the Ecumenical Temple.
  4468 | Temple   | Entered the Ecumenical Temple
  4643 | D:4      | Reached skill level 6 in Spellcasting
  5242 | D:4      | Gained mutation: You sometimes gain a little power by
                  | taking damage. [demonic ancestry]
  5242 | D:4      | Reached XP level 8. HP: 53/53 MP: 10/18
  5528 | D:4      | Reached skill level 7 in Spellcasting
  5762 | D:5      | Entered Level 5 of the Dungeon
  5945 | D:4      | Reached skill level 1 in Axes
  5953 | D:4      | Learned a level 3 spell: Swiftness
  6590 | D:5      | Reached skill level 5 in Fire Magic
  7567 | D:5      | Found an opulent altar of Gozag.
  7570 | D:5      | Found a radiant altar of Vehumet.
  7571 | D:5      | Found an iron altar of Okawaru.
  7581 | D:5      | Became a worshipper of Vehumet
  7862 | D:6      | Reached skill level 8 in Spellcasting
  8101 | D:6      | Gained mutation: Spells you cast may paralyse adjacent
                  | enemies. [demonic ancestry]
  8101 | D:6      | Reached XP level 9. HP: 58/58 MP: 11/21
  8713 | D:7      | Reached skill level 1 in Fighting
  8717 | D:7      | Reached skill level 5 in Conjurations
  8735 | D:7      | Reached * piety under Vehumet
  8735 | D:7      | Offered knowledge of Freeze by Vehumet.
  8929 | D:7      | Reached skill level 9 in Spellcasting
  9517 | D:3      | Bought a pair of boots for 103 gold pieces
  9517 | D:3      | Bought a helmet for 103 gold pieces
 10146 | D:7      | Noticed a two-headed ogre
 10156 | D:7      | Killed a two-headed ogre
 10571 | D:8      | Reached XP level 10. HP: 65/65 MP: 12/23
 10694 | D:8      | Offered knowledge of Static Discharge by Vehumet.
 11006 | D:8      | Reached ** piety under Vehumet
 11095 | D:8      | Found a sacrificial altar of Ru.
 11173 | D:8      | Found a basalt altar of Yredelemnul.
 11182 | D:8      | Found a stormy altar of Qazlal.
 11443 | D:9      | Reached skill level 1 in Shields
 11661 | D:9      | Noticed a two-headed ogre
 11669 | D:9      | Killed a two-headed ogre
 11936 | D:9      | Reached skill level 10 in Spellcasting
 12338 | D:10     | Entered Level 10 of the Dungeon
 12397 | D:10     | Noticed a death yak
 12736 | D:10     | Noticed a purple ugly thing
 12737 | D:10     | Noticed a purple ugly thing
 12739 | D:10     | Noticed a two-headed ogre
 12919 | D:10     | Offered knowledge of Ignite Poison by Vehumet.
 13199 | D:10     | Found a staircase to the Lair.
 13202 | D:10     | Noticed a death yak
 13205 | D:10     | Noticed a death yak
 13734 | D:10     | Reached skill level 1 in Short Blades
 13736 | D:10     | Reached *** piety under Vehumet
 13870 | D:10     | Killed a two-headed ogre
 13871 | D:10     | Reached XP level 11. HP: 60/72 MP: 11/25
 14040 | D:9      | Killed a death yak
 14087 | D:9      | Killed a death yak
 14088 | D:9      | Reached skill level 1 in Air Magic
 14372 | D:10     | Killed a death yak
 14558 | D:10     | Reached skill level 11 in Spellcasting
 14661 | D:10     | Noticed a centaur warrior
 14668 | D:10     | Noticed an ogre mage
 14670 | D:10     | Killed a centaur warrior
 14671 | D:10     | Noticed a cyan ugly thing
 14841 | D:10     | Noticed a skeletal warrior
 14909 | D:10     | Noticed a centaur warrior
 14919 | D:10     | Killed a centaur warrior
 14937 | D:10     | Paralysed by something for 7 turns
 14947 | D:10     | Killed an ogre mage
 15178 | D:10     | Killed a skeletal warrior
 15596 | D:10     | Killed a purple ugly thing
 15601 | D:10     | Killed a cyan ugly thing
 15601 | D:10     | Killed a white ugly thing
 16144 | D:11     | Gained mutation: You sometimes gain power by taking damage.
                  | [demonic ancestry]
 16144 | D:11     | Reached XP level 12. HP: 59/81 MP: 21/27
 16556 | D:11     | Learned a level 2 spell: Blink
 16589 | D:12     | Noticed a death knight
 16590 | D:12     | Noticed a two-headed ogre
 17103 | D:12     | Reached skill level 12 in Spellcasting
 17706 | D:12     | Reached skill level 5 in Dodging
 17763 | D:12     | Noticed a two-headed ogre
 17778 | D:12     | Killed a two-headed ogre
 17781 | D:12     | Offered knowledge of Frozen Ramparts by Vehumet.
 17786 | D:12     | Learned a level 3 spell: Frozen Ramparts
 18036 | D:12     | Noticed a two-headed ogre
 18037 | D:12     | Noticed a two-headed ogre
 18044 | D:12     | Killed a two-headed ogre
 18048 | D:12     | Killed a two-headed ogre
 18049 | D:12     | Reached skill level 5 in Shields
 18517 | D:12     | Found a staircase to the Orcish Mines.
 18595 | D:11     | Killed a two-headed ogre
 18808 | D:11     | Mangled by a death knight

Illustrated notes

Levels and vault maps discovered:
D:1:      matt_arrival_spirals, layout_basic,
          ebering_ecumenical_altar_sacrificial, nrook_mini_vaults
D:2:      layout_rooms, basic_altar, minmay_crystal_water
D:3:      kennysheep_slugbush, layout_rooms, serial_shops, nicolae_shop_crystal,
          uniq_jessica
D:4:      layout_basic, temple_green, uniq_pikel
D:5:      layout_rooms, minitemple
D:6:      layout_basic
D:7:      layout_cave_pods, minmay_bent
D:8:      layout_cave_pools, marbit_many_paths, grunt_temple_overflow_open
D:9:      layout_gridville
D:10:     hangedman_cross_veins, layout_irregular_city, dpeg_lair_monsters,
          lemuel_old_faithful
D:11:     layout_cave_pods
D:12:     layout_cave_pods, orc_0_dummy
Temple:   nicolae_temple_x_marks_the_god

Skill      XL: |  1  2  3  4  5  6  7  8  9 10 11 12 |
---------------+-------------------------------------+-----
Fire Magic     | 3 4 5 6 8 9 |  9.7
Spellcasting   | 3 5 6 8 9 10 11 12 | 12.3
Conjurations   | 2 3 4 5 6 7 8 |  8.2
Dodging        | 2 3 4 5 |  5.2
Axes           | 1 |  1.7
Fighting       | 1 2 3 |  3.2
Shields        | 4 5 |  5.1
Short Blades   | 1 |  1.6
Air Magic      | 1 |  1.0
Stealth        | |  1.7
Translocations | |  0.2
Evocations     | |  0.5

Action                   |  1- 3 |  4- 6 |  7- 9 | 10-12 || total
-------------------------+-------+-------+-------+-------++-------
Melee: Unarmed           |    10 |       |       |       ||    10
       Hand axe          |       |     1 |    17 |     1 ||    19
       Short sword       |       |       |       |    32 ||    32
 Cast: Foxfire           |    66 |    69 |   229 |    41 ||   405
       Scorch            |       |     4 |    35 |    25 ||    64
       Flame Wave        |       |       |    25 |    77 ||   102
       Swiftness         |       |       |       |     3 ||     3
       Blink             |       |       |       |     3 ||     3
Evoke: Wand              |       |       |     2 |     2 ||     4
       Phial of floods   |       |       |       |     1 ||     1
  Use: Potion            |       |       |     3 |     3 ||     6
       Scroll            |       |       |       |    17 ||    17
 Stab: Paralysed         |       |       |       |    10 ||    10
Armor: Robe              |     3 |     1 |    26 |     6 ||    36
       Steam dragon scal |       |       |       |    36 ||    36
Dodge: Dodged            |     9 |     8 |   113 |    90 ||   220
Block: Other             |       |       |     3 |    20 ||    23
       Buckler           |       |       |       |    58 ||    58
       Reflection        |       |       |       |     6 ||     6

Table legend: (Time is in decaauts)
 A = Elapsed time spent in this place.
 B = Non-inter-level travel time spent in this place.
 C = Inter-level travel time spent in this place.
 D = Time resting spent in this place.
 E = Time spent auto-exploring this place.
 F = Levels seen in this place.
 G = Mean time per level.
                   A        B        C        D        E       F      G
               +--------+--------+--------+--------+--------+-----+--------+
         Total |  18851 |  18061 |    790 |   5528 |  10293 |  13 | 1450.1 |
       Dungeon |  18774 |  17992 |    782 |   5528 |  10228 |  12 | 1564.5 |
        Temple |     77 |     69 |      8 |      0 |     65 |   1 |   77.0 |
               +--------+--------+--------+--------+--------+-----+--------+

Top non-repeatable levels by time:
     D:4: 2506 daAuts
    D:10: 2465 daAuts
     D:9: 2132 daAuts
    D:12: 1632 daAuts
     D:1: 1622 daAuts
     D:7: 1413 daAuts
     D:2: 1297 daAuts
     D:6: 1261 daAuts
     D:5: 1252 daAuts
    D:11: 1243 daAuts
     D:3: 1172 daAuts
     D:8: 775 daAuts
  Temple: 77 daAuts
